 Dungeon Crawl Stone Soup version 0.20-a0-2-g2b0e13a (webtiles) character file.

201581 Ryco the Peltast (level 18, -23/109 HPs)
             Began as a Gargoyle Fighter on Oct 27, 2016.
             Was a High Priest of Hepliaklqana.
             Killed from afar by Margery (46 damage)
             ... with a bolt of fire
             ... on level 3 of the Vaults on Oct 28, 2016.
             The game lasted 02:39:40 (15318 turns).

Ryco the Peltast (Gargoyle Fighter)                Turns: 15318, Time: 02:39:41

Health: -23/109    AC: 40    Str: 31    XL:     18   Next: 5%
Magic:  20/22      EV:  7    Int: 10    God:    Hepliaklqana [*****.]
Gold:   791        SH: 24    Dex: 14    Spells: 4 memorised, 5 levels left

rFire  . . .     SeeInvis .     a - +2 morningstar (freeze)
rCold  . . .     Gourm    .     I - +1 plate armour {rPois}
rNeg   + . .     Faith    .     E - +0 large shield {AC+3}
rPois  ∞         Spirit   .     S - +2 helmet
rElec  +         Reflect  .     Q - +0 cloak
rCorr  .         Harm     .     (no gloves)
MR     +....                    o - +0 pair of boots
Stlth  ..........               y - amulet of regeneration
                                h - +3 ring of slaying
                                O - +4 ring of dexterity

@: mighty, about to teleport, flying
A: reduced essence, big wings, negative energy resistance 1, electricity
resistance, unbreathing, petrification resistance, rot immunity, AC +13
a: Stop Flying, Recall Ancestor, Ancestor Identity, Transference, Idealise,
Renounce Religion
}: 2/15 runes: barnacled, gossamer


You were on level 3 of the Vaults.
You worshipped Hepliaklqana.
Hepliaklqana was extremely pleased with you.
You were not hungry.

You visited 6 branches of the dungeon, and saw 33 of its levels.
You also visited: Labyrinth and Ossuary.

You collected 1483 gold pieces.
You spent 692 gold pieces at shops.

Inventory:

Hand Weapons
 a - a +2 morningstar of freezing (weapon)
 b - the +6 shillelagh "Devastator" {shatter}
   (You acquired it on level 3 of the Shoals)
Missiles
 g - 265 bolts
 t - 8 throwing nets (quivered)
Armour
 o - a +0 pair of boots (worn)
 E - a +0 large shield of protection (worn)
 I - a +1 plate armour of poison resistance (worn)
 Q - a +0 cloak (worn)
 S - a +2 helmet (worn)
Magical Staves
 G - an uncursed staff of energy
Rods
 q - a +3 rod of shadows (13/13)
   (You found it in a labyrinth)
Jewellery
 h - a +3 ring of slaying (right hand)
 k - an uncursed ring of resist corrosion
 y - an amulet of regeneration (around neck)
 H - the ring "Moecap" {+Fly rF- rN+++}
   (You found it on level 6 of the Lair of Beasts)

   [ring of flight]

   It makes you vulnerable to fire.
   It renders you almost immune to negative energy.
   It lets you fly.
 O - a +4 ring of dexterity (left hand)
 P - an uncursed ring of protection from cold
 W - the amulet "Puwnukul" {Inacc rPois SInv}
   (You found it in a labyrinth)

   [amulet of inaccuracy]

   It reduces the accuracy of all your attacks.
   It protects you from poison.
   It lets you see invisible.
Wands
 j - a wand of acid (7/15)
 n - a wand of digging (7/24)
 x - a wand of heal wounds (3/9)
 J - a wand of acid (9/15)
 L - a wand of paralysis (13/24)
 T - a wand of teleportation (3/9)
 U - a wand of paralysis (6/24)
Scrolls
 e - 14 scrolls of remove curse
 m - 3 scrolls of immolation
 r - a scroll of summoning
 u - 4 scrolls of amnesia
 B - 2 scrolls of fear
 C - 4 scrolls of fog
 D - 4 scrolls of teleportation
 K - 2 scrolls of identify
Potions
 c - 4 potions of agility
 d - 3 potions of might
 i - 2 potions of heal wounds
 l - 2 potions of haste
 p - 2 potions of magic
 s - 6 potions of ambrosia
 w - 3 potions of resistance
 z - a potion of cure mutation
 A - 4 potions of cancellation
 N - 2 potions of brilliance
 V - a potion of invisibility
 Y - 9 potions of curing
Miscellaneous
 v - a phial of floods
Comestibles
 f - 13 bread rations
 F - 20 fruits
 M - a meat ration


   Skills:
 * Level 16.5 Fighting
 - Level 16.1 Maces & Flails
 + Level 0.5 Throwing
 * Level 13.4 Armour
 + Level 18.9 Shields
 * Level 1.1 Spellcasting
 * Level 0.4 Conjurations
 * Level 0.4 Ice Magic
 + Level 6.2 Invocations
 + Level 3.3 Evocations


You had 5 spell levels left.
You knew the following spells:

 Your Spells              Type           Power        Failure   Level  Hunger
a - Repel Missiles        Chrm/Air       #.....       100%        2    ###....
b - Freezing Cloud        Conj/Ice/Air   #.........   100%        6    #######
c - Spectral Weapon       Hex/Chrm       #.......     100%        3    ####...
d - Regeneration          Chrm/Necr      #.........   100%        3    ####...


Dungeon Overview and Level Annotations

Branches:
Dungeon (15/15)            Temple (1/1) D:6            Lair (6/6) D:8
 Shoals (4/4) Lair:2       Spider (4/4) Lair:4        Slime (0/5) Lair:6
 Vaults (3/5) D:14          Crypt (0/3) Vaults:2     Depths (0/5) D:15
    Orc: D:9-12

Altars:
Ashenzari
Cheibriados
Dithmenos
Elyvilon
Fedhas
Gozag
Hepliaklqana
Kikubaaqudgha
Makhleb
Nemelex Xobeh
Qazlal
Ru
Sif Muna
Trog
Uskayaw
Xom
Zin
Jiyva

Shops:
D:7 *   Shoals:1 (   Shoals:3 }

Annotations:
Vaults:3 Margery


Innate Abilities, Weirdness & Mutations

You are resistant to torment.
Your stone body is resilient. (AC +13)
You are immune to poison.
Your large and strong wings let you fly indefinitely.
You resist negative energy. (rN+)
You are resistant to electric shocks. (rElec)
You can survive without breathing.
You are immune to petrification.
You are immune to rotting.
Your life essence is reduced. (-10% HP)


Message History

The floor.
Evoke which item? (* to show all) (? for menu, Esc to quit)
Okay, then.
Okay, then.
Unknown command.
Evoke which item? (* to show all) (? for menu, Esc to quit)
Zapping:
x - a wand of heal wounds (4/9)
Press: ? - help, Shift-Dir - straight line, f - you You feel much better.
This wand has 3 charges left.
The hell knight gestures wildly while chanting.
The hell knight seems to speed up.
The necromancer casts a spell at you. The bolt of cold misses you.
The hell knight casts a spell.
The hell knight seems to speed up.
As you read the scroll of teleportation, it crumbles to dust.
You feel strangely unstable. You block the necromancer's attack.
Margery gestures at you while chanting. The bolt of fire hits you!
You die...

##########
#........#
#........#
#.....:..#
#..<.....#
#........#
#.....^..#
#.....@p.#
######@###
......{pp......
.@..{..p.......
...............
...............
...#+##########
... ..# ## ..#


You could see Margery, 2 hell knights, an ironbrand convoker and a necromancer.

Vanquished Creatures
  Rupert (Lair:3)
  A lich (Vaults:1)
  Polyphemus (Shoals:2)
  Kirke (Shoals:1)
  A sphinx (Vaults:2)
  A storm dragon (Vaults:2)
  A vault warden (Vaults:2)
  6 emperor scorpions
  2 ghost moths
  2 ironheart preservers (Vaults:1)
  4 deep elf demonologists (Vaults:1)
  3 spark wasps (Spider:4)
  A deep elf annihilator (Vaults:1)
  3 merfolk javelineers (Shoals:4)
  A merfolk impaler (Shoals:3)
  A minotaur (Lab)
  2 yaktaur captains (Vaults:1)
  3 hydras
  An ice dragon (Vaults:1)
  A vault guard (D:14)
  5 merfolk avatars
  3 death yaks (Shoals:2)
  2 ogre magi
  A catoblepas (Shoals:2)
  3 merfolk aquamancers
  A satyr (Shoals:4)
  Urug (D:15)
  A skeletal warrior (Vaults:1)
  7 sea snakes
  A wizard (D:14)
  A deep elf archer (Vaults:1)
  A glowing orange brain (Vaults:1)
  The ghost of Ryco the Basher, a novice GrFi (D:6)
  7 hill giants
  A phantasmal warrior (D:15)
  A necromancer (Vaults:1)
  An ironbrand convoker (Vaults:1)
  An orc knight (Vaults:1)
  13 wolf spiders
  12 fauns
  3 deep elf magi (Vaults:1)
  10 harpies
  6 orb spiders
  2 manticores (D:15)
  9 ugly things
  2 elephants (Lair:6)
  A moth of wrath (Spider:2)
  6 cyclopes
  4 sirens
  A water nymph (Shoals:1)
  3 vault sentinels (Vaults:1)
  A torpor snail (Spider:3)
  A spiny frog (Lair:3)
  A yaktaur (shapeshifter) (Vaults:1)
  A rime drake (Lair:4)
  7 yaktaurs
  A freezing wraith (Vaults:1)
  4 demonic crawlers
  2 komodo dragons
  8 merfolk
  2 wind drakes (Shoals:1)
  5 two-headed ogres
  3 polar bears
  10 hornets
  A hornet (shapeshifter) (D:15)
  14 jumping spiders
  4 blink frogs (Lair:6)
  6 dream sheep (Lair:4)
  6 snapping turtles
  5 hippogriffs
  13 tarantellas
  24 redbacks
  24 yaks
  A wyvern (Lair:5)
  3 wraiths
  3 hogs (Shoals:1)
  8 spriggans
  6 water elementals
  9 humans (D:14)
  2 basilisks
  A mottled dragon (Vaults:1)
  3 water moccasins
  A deep troll zombie (Vaults:1)
  A soldier ant (D:15)
  A porcupine (Lair:5)
  Duvessa (D:7)
  3 orc warriors
  4 ice beasts
  2 black bears (Lair:6)
  2 phantoms (D:4)
  2 sky beasts
  A boggart (Lair:6)
  A necrophage (D:6)
  6 wolves (Lair:6)
  11 ogres
  10 centaurs
  7 crocodiles
  A big kobold (D:7)
  2 gnoll sergeants
  7 bullfrogs
  Dowan (D:7)
  An ogre simulacrum (Vaults:1)
  2 scorpions
  A killer bee (D:7)
  2 wights
  3 howler monkeys (D:10)
  3 electric eels
  5 crimson imps
  A quasit (D:10)
  3 jellies
  A gnoll shaman (D:4)
  2 hounds
  3 centaur skeletons
  A human simulacrum (Vaults:1)
  5 orc priests
  Jessica (D:3)
  An iguana (D:8)
  8 orc wizards
  5 worker ants
  A killer bee zombie (D:8)
  A hound zombie (D:5)
  2 mummies
  18 gnolls
  7 adders
  4 shadow imps
  An ooze (D:1)
  An adder skeleton (D:6)
  5 worms
  3 dart slugs
  3 leopard geckos
  35 orcs
  6 bats
  7 giant cockroaches
  5 goblins
  8 hobgoblins
  14 jackals
  21 kobolds
  3 frilled lizards
  2 gnoll skeletons (Ossuary)
  4 kobold skeletons (Ossuary)
  A leopard gecko skeleton (D:4)
  12 orc skeletons (Ossuary)
  2 quokka skeletons
  9 rats
614 creatures vanquished.

Vanquished Creatures (collateral kills)
  A fire giant (D:15)
  2 ghost moths (Spider:4)
  A stone giant (Vaults:1)
  A vampire knight (Vaults:2)
  A merfolk impaler (Shoals:1)
  An ogre mage (Vaults:2)
  A centaur warrior (Vaults:1)
  A death knight (D:15)
  A merfolk avatar (Shoals:1)
  A deep elf knight (Vaults:1)
  A hell knight (Vaults:3)
  Nergalle (D:11)
  4 skeletal warriors (Vaults:1)
  3 sea snakes
  An unseen horror (shapeshifter) (Vaults:1)
  3 hill giants
  2 wizards
  3 harpies
  A phantasmal warrior (D:15)
  An orb spider (Spider:4)
  8 ugly things
  4 wolf spiders
  10 fauns
  4 elephants
  2 cyclopes
  3 manticores
  4 sirens
  A water nymph (Shoals:3)
  A komodo dragon (Lair:5)
  A centaur skeleton (D:15)
  3 spiny frogs
  A freezing wraith (D:15)
  An efreet (D:15)
  A tengu conjurer (D:15)
  2 yaktaurs (Vaults:2)
  A jumping spider (Spider:1)
  6 merfolk
  3 two-headed ogres (Vaults:2)
  7 hornets
  A polar bear (Lair:6)
  A blink frog (Lair:6)
  A slime creature (Vaults:1)
  2 snapping turtles
  A dream sheep (Lair:4)
  4 hippogriffs
  3 vampires (Vaults:2)
  3 tarantellas
  3 redbacks
  6 spriggans (Lair:6)
  A water elemental (Shoals:2)
  A wyvern (Lair:6)
  8 yaks
  12 humans (D:14)
  2 hogs (Shoals:1)
  2 hungry ghosts
  A mottled dragon (D:15)
  3 water moccasins
  A porcupine (Lair:3)
  A sky beast (D:10)
  A phantom (D:13)
  2 boggarts (Lair:6)
  3 ogres
  12 wolves (Lair:6)
  2 crocodiles (Lair:5)
  A bullfrog (D:10)
  A scorpion (D:8)
  A killer bee (D:7)
  A wight (D:8)
  4 electric eels
  A crimson imp (D:10)
  A hound (D:7)
  4 worker ants
  An adder (D:8)
  3 gnolls (D:9)
  A leopard gecko (D:10)
  7 orcs
  A bat (D:3)
  2 jackals (D:8)
  A quokka (D:8)
  3 gnoll skeletons (Ossuary)
  2 kobold skeletons (Ossuary)
  2 orc skeletons (Ossuary)
  A fungus (D:8)
  A plant (Lair:5)
210 creatures vanquished.

Vanquished Creatures (others)
  18 battlemagi
  An orc wizard (D:3)
  An ancestor (D:9)
  A fungus (Lair:2)
  5 plants
26 creatures vanquished.

Grand Total: 850 creatures vanquished

Notes
Turn   | Place    | Note
-------+----------+-------------------------------------------
     0 | D:1      | Ryco the Gargoyle Fighter began the quest for the Orb.
     0 | D:1      | Reached XP level 1. HP: 14/14 MP: 1/1
    56 | D:1      | Reached XP level 2. HP: 8/19 MP: 2/2
   235 | D:2      | Reached XP level 3. HP: 17/23 MP: 3/3
   602 | D:2      | Found a glowing silver altar of Zin.
   646 | D:3      | Noticed Jessica
   681 | D:3      | Killed Jessica
   681 | D:3      | Reached XP level 4. HP: 28/28 MP: 4/4
   830 | D:4      | Noticed a centaur
   842 | D:4      | Killed a centaur
   842 | D:4      | Reached skill level 4 in Shields
   842 | D:4      | Reached XP level 5. HP: 33/33 MP: 5/5
   853 | D:5      | Entered Level 5 of the Dungeon
  1003 | D:4      | Noticed a phantom
  1083 | D:4      | Killed a phantom
  1083 | D:4      | Reached skill level 5 in Maces & Flails
  1083 | D:4      | Reached XP level 6. HP: 38/38 MP: 6/6
  1343 | D:5      | Reached XP level 7. HP: 14/43 MP: 7/7
  1658 | D:6      | Reached skill level 5 in Shields
  1727 | D:5      | Found a burning altar of Makhleb.
  1794 | D:6      | Found a staircase to the Ecumenical Temple.
  1802 | D:6      | Reached XP level 8. HP: 37/48 MP: 8/8
  1851 | Temple   | Entered the Ecumenical Temple
  1999 | D:6      | Noticed Ryco's ghost (novice GrFi)
  2019 | D:6      | Killed Ryco's ghost
  2019 | D:6      | Reached skill level 5 in Armour
  2019 | D:6      | Reached skill level 6 in Shields
  2128 | D:6      | Found an opulent altar of Gozag.
  2422 | D:7      | Reached XP level 9. HP: 53/53 MP: 9/9
  2519 | D:4      | Reached skill level 5 in Fighting
  2917 | D:3      | Reached skill level 7 in Shields
  3007 | D:2      | Found a shattered altar of Ashenzari.
  3007 | D:2      | Found a hazy altar of Hepliaklqana.
  3012 | D:2      | Became a worshipper of Hepliaklqana the Forgotten
  3511 | D:8      | Found a sand-covered staircase.
  3528 | Ossuary  | Entered an ossuary
  3621 | Ossuary  | Reached * piety under Hepliaklqana
  3824 | D:7      | Found Mefeaza's General Store.
  3833 | D:7      | Bought a potion of might for 52 gold pieces
  3833 | D:7      | Bought a potion of heal wounds for 65 gold pieces
  3890 | D:7      | Reached skill level 10 in Maces & Flails
  3917 | D:7      | Noticed Duvessa
  3918 | D:7      | Noticed Dowan
  3923 | D:7      | Killed Duvessa
  3940 | D:7      | Killed Dowan
  4039 | D:9      | Noticed a white ugly thing
  4056 | D:9      | Killed a white ugly thing
  4056 | D:9      | Reached XP level 10. HP: 43/54 MP: 10/10
  4073 | D:9      | Found a shattered altar of Ashenzari.
  4253 | D:9      | Noticed a hill giant
  4266 | D:9      | Killed a hill giant
  4266 | D:9      | Reached skill level 8 in Shields
  4287 | D:10     | Entered Level 10 of the Dungeon
  4413 | D:11     | Noticed Nergalle
  4423 | D:11     | Noticed a spectral orc warlord
  4440 | D:11     | Killed Nergalle
  4553 | D:11     | Noticed a white ugly thing
  4560 | D:11     | Killed a white ugly thing
  4608 | D:11     | Noticed a hill giant
  4609 | D:11     | Found a white marble altar of Elyvilon.
  4622 | D:11     | Killed a hill giant
  4622 | D:11     | Reached XP level 11. HP: 45/61 MP: 11/11
  4689 | D:10     | Reached ** piety under Hepliaklqana
  4690 | D:10     | Remembered your ancestor Cipactli as a battlemage
  4724 | D:10     | Reached skill level 9 in Shields
  5026 | D:8      | Found a staircase to the Lair.
  5053 | Lair:1   | Entered Level 1 of the Lair of Beasts
  5100 | Lair:2   | Found a staircase to the Shoals.
  5308 | Lair:3   | Noticed Rupert
  5331 | Lair:3   | Killed Rupert
  5331 | Lair:3   | Reached skill level 1 in Evocations
  5360 | Lair:4   | Reached *** piety under Hepliaklqana
  5398 | Lair:4   | Reached skill level 10 in Shields
  5430 | Lair:4   | Found a hole to the Spider Nest.
  5542 | Lair:3   | Reached XP level 12. HP: 57/68 MP: 13/13
  5618 | Lair:2   | Noticed an eight-headed hydra
  5628 | Lair:2   | Killed an eight-headed hydra
  5778 | Lair:5   | Reached skill level 10 in Fighting
  5957 | Lair:5   | Found a labyrinth entrance.
  5968 | Lab      | Entered a labyrinth
  7139 | Lab      | Reached **** piety under Hepliaklqana
  7403 | Lab      | Noticed a minotaur
  7414 | Lab      | Killed a minotaur
  7416 | Lab      | Got a vibrating garnet amulet
  7417 | Lab      | Identified a +3 rod of shadows (13/13) (You found it in a labyrinth)
  7420 | Lab      | Identified the amulet "Puwnukul" {Inacc rPois SInv} (You found it in a labyrinth)
  7469 | Lair:6   | Entered Level 6 of the Lair of Beasts
  7469 | Lair:6   | Found a staircase to the Slime Pits.
  7478 | Lair:6   | Reached skill level 10 in Armour
  7503 | Lair:6   | Reached skill level 1 in Invocations
  7541 | Lair:6   | Found a viscous altar of Jiyva.
  7659 | Lair:6   | Reached skill level 11 in Shields
  7738 | Lair:6   | Noticed a spriggan rider
  7754 | Lair:6   | Reached XP level 13. HP: 46/74 MP: 15/15
  7855 | Lair:6   | Reached skill level 12 in Shields
  7999 | Lair:6   | Got an ancient copper ring
  8001 | Lair:6   | Identified the ring "Moecap" {+Fly rF- rN+++} (You found it on level 6 of the Lair of Beasts)
  8135 | Lair:6   | Found a dark tunnel.
  8156 | Lair:6   | Reached skill level 5 in Invocations
  8183 | Lair:6   | Learned a level 2 spell: Repel Missiles
  8256 | Spider:1 | Entered Level 1 of the Spider Nest
  8338 | Spider:2 | Noticed an emperor scorpion
  8462 | Lair:5   | Reached ***** piety under Hepliaklqana
  8807 | Shoals:1 | Entered Level 1 of the Shoals
  8807 | Shoals:1 | Found a shimmering altar of Xom.
  8836 | Shoals:1 | Reached skill level 13 in Shields
  8839 | Shoals:1 | Found a sparkling altar of Nemelex Xobeh.
  8875 | Shoals:1 | Noticed a merfolk impaler
  8885 | Shoals:1 | Killed a merfolk impaler
  8903 | Shoals:2 | Noticed a merfolk impaler
  8981 | Shoals:1 | Noticed Kirke
  9015 | Shoals:1 | Gained mutation: Your large and strong wings let you fly indefinitely. [Gargoyle growth]
  9015 | Shoals:1 | Reached XP level 14. HP: 79/81 MP: 18/18
  9017 | Shoals:1 | Noticed a sphinx
  9028 | Shoals:1 | Killed Kirke
  9234 | Shoals:2 | Noticed Polyphemus
  9270 | Shoals:2 | Killed Polyphemus
  9687 | Shoals:3 | Reached skill level 14 in Shields
  9854 | Shoals:3 | Found Nockag's Gadget Shoppe.
  9881 | Shoals:3 | Learned a level 6 spell: Freezing Cloud
  9907 | Shoals:3 | Bought a wand of teleportation (3/9) for 315 gold pieces
  9974 | Shoals:4 | Entered Level 4 of the Shoals
 10011 | Shoals:3 | Identified a scroll of acquirement
 10211 | Shoals:4 | Reached XP level 15. HP: 88/88 MP: 19/19
 10240 | Shoals:4 | Reached skill level 15 in Shields
 10264 | Shoals:4 | Got a barnacled rune of Zot
 10543 | Shoals:1 | Found Gizxaxisch's Weapon Boutique.
 10721 | Shoals:1 | Noticed a frost giant
 10724 | Shoals:1 | Noticed a titan
 10928 | Spider:2 | Reached skill level 16 in Shields
 10953 | Spider:2 | Killed an emperor scorpion
 10980 | Spider:2 | Reached ****** piety under Hepliaklqana
 11015 | Spider:3 | Noticed a ghost moth
 11033 | Spider:3 | Killed a ghost moth
 11033 | Spider:3 | Reached XP level 16. HP: 56/95 MP: 0/20
 11196 | Spider:3 | Learned a level 3 spell: Spectral Weapon
 11200 | Spider:3 | Learned a level 3 spell: Regeneration
 11450 | Spider:4 | Entered Level 4 of the Spider Nest
 11552 | Spider:4 | Reached skill level 17 in Shields
 11757 | Spider:4 | Got a gossamer rune of Zot
 12175 | D:7      | Bought a scroll of brand weapon for 260 gold pieces
 12709 | D:13     | Found a sacrificial altar of Ru.
 12886 | D:15     | Entered Level 15 of the Dungeon
 12886 | D:15     | Found a staircase to the Depths.
 13139 | D:15     | Noticed Urug
 13157 | D:15     | Killed Urug
 13215 | D:15     | Upgraded the game from 0.19-a0-1937-g70ed36a to 0.20-a0-2-g2b0e13a
 13300 | D:15     | Reached skill level 15 in Fighting
 13329 | D:15     | Reached skill level 15 in Maces & Flails
 13441 | D:15     | Reached skill level 18 in Shields
 13441 | D:15     | Reached XP level 17. HP: 84/101 MP: 21/21
 13556 | D:14     | Found a shadowy altar of Dithmenos.
 13701 | D:14     | Found a gate to the Vaults.
 13740 | Vaults:1 | Entered Level 1 of the Vaults
 14303 | Vaults:1 | Noticed a Hell Sentinel
 14595 | Vaults:1 | Noticed a lich
 14601 | Vaults:1 | Noticed an Ice Fiend
 14604 | Vaults:1 | Killed a lich
 14999 | Vaults:2 | Found a staircase to the Crypt.
 15151 | Vaults:2 | Noticed a sphinx
 15160 | Vaults:2 | Killed a sphinx
 15160 | Vaults:2 | Reached XP level 18. HP: 91/109 MP: 22/22
 15213 | Vaults:1 | Reached skill level 1 in Spellcasting
 15303 | Vaults:3 | Noticed Margery
 15316 | Vaults:3 | HP: 1/109 [Margery/bolt of fire (51)]
 15318 | Vaults:3 | Killed from afar by Margery

Vault maps used:
D:1:      scummos_arrival_star, minmay_surrounded
D:2:      overflow_temple_1_default, gammafunk_temple_overflow_statue,
          minmay_door_square
D:3:      uniq_jessica
D:5:      old_standard_altar, chequers_temple_overflow_minitemple, first_bread,
          serial_shops, shop, minmay_crystal_room
D:6:      nicolae_gozag_cash_rules_everything_around_me
D:7:      grunt_temple_overflow_open, serial_shops,
          nicolae_shop_competitors_out_of_business, mumra_transporter_accident,
          the_bakery, uniq_duvessa
D:8:      david_lair_generic, gup_ossuary_entry_pyramid
D:9:      cheibrodos_ashenzari_chains
D:11:     hangedman_decor_lopped, minmay_misc_feat_hallway, elyvilon_altar_1,
          uniq_nergalle
D:12:     orc_0_dummy
D:13:     nicolae_ru_path_of_blood
D:14:     grunt_vaults_entry_tiered, nicolae_dithmenos_the_darkroom,
          serial_bayou, serial_bayou_pond_b, serial_bayou_pond_a,
          serial_bayou_pond_d, serial_bayou_pond_c, serial_bayou_crossing
D:15:     grunt_enter_depths_giant_problem, roderic_lattice_a, tgw_sif,
          uniq_urug
Temple:   hc_temple_tempest_star
Lair:2:   minmay_shoals_entry_hut, disabler_island, grunt_megastairs_1
Lair:3:   uniq_rupert
Lair:4:   nicolae_spider_entry_non_spiders, infiniplex_staircase_pool_2
Lair:5:   lab_entry_generic
Lair:6:   minmay_lair_end_enchanted_forest, slime_altar_1,
          nicolae_volcano_entry_lava_flow, serial_bayou_lagoon_b,
          lemuel_fruit_fields
Shoals:1: cheibrodos_shoals_gigantism, serial_shops, shop,
          hangedman_feature_mirror, uniq_kirke
Shoals:2: uniq_polyphemus
Shoals:3: serial_shops, shop_fountains
Shoals:4: shoals_end_hangedman, shoals_ilsuiw_ice
Spider:4: guppyfry_spider_rune, spider_trap
Vaults:1: nicolae_vaults_diagonal_hallway_9, v_misc_31, v_misc_30,
          vaults_dpeg_diagonal, vaults_room_corners, vaults_room_corners,
          vaults_mumra_hexcomb
Vaults:2: v_misc_33, vaults_room_glass_cross, serial_ice_m,
          nicolae_vaults_hallways_thing, vaults_room_large_hall, v_misc_28,
          minmay_crypt_entry_vampire_xt, vaults_room_pool,
          hangedman_vaults_stretched_pinwheel, vaults_mumra_minichess,
          ontoclasm_vaults_pinch, nicolae_vaults_asterisk, vaults_room_hallway,
          vaults_dpeg_ring, basic_altar, serial_glass
Vaults:3: grunt_vaults_diagonal, nicolae_vaults_triangles,
          nicolae_vaults_three_branches, vaults_room_guarded_vault,
          grunt_vaults_twisty, nicolae_vaults_puzzle_piece, v_misc_4,
          vaults_room_hallway, vaults_room_ringed_pool, dpeg_vaults_monster_row,
          uniq_margery, uniq_xtahua
Lab:      nicolae_lab_lava
Ossuary:  ossuary_due_mausoleum

Skill      XL: |  1  2  3  4  5  6  7  8  9 10 11 12 13 14 15 16 17 18 |
---------------+-------------------------------------------------------+-----
Maces & Flails | 3 4 5 7 8 10 11 12 13 14 15 16 | 16.1
Shields        | 4 5 6 7 8 10 11 13 14 16 18 | 18.9
Fighting       | 4 6 8 9 10 11 13 14 15 16 | 16.5
Armour         | 4 5 6 8 9 10 11 12 13 | 13.4
Evocations     | 1 2 3 |  3.3
Invocations    | 3 6 |  6.2
Spellcasting   | 1 |  1.1
Throwing       | |  0.5
Conjurations   | |  0.4
Ice Magic      | |  0.4

Action                   |  1- 3 |  4- 6 |  7- 9 | 10-12 | 13-15 | 16-18 || total
-------------------------+-------+-------+-------+-------+-------+-------++-------
Melee: Flail             |   144 |   187 |   620 |   586 |   506 |       ||  2043
       Shillelagh        |       |       |       |       |   246 |   176 ||   422
       Morningstar       |       |       |       |       |       |   542 ||   542
Throw: Throwing net      |       |       |       |     1 |     3 |       ||     4
Invok: Recall Ancestor   |       |       |     3 |     6 |       |       ||     9
       Ancestor Identity |       |       |     1 |       |       |       ||     1
       Transference      |       |       |       |     1 |       |     3 ||     4
       Ancestor Life: Ba |       |       |       |     1 |       |       ||     1
       Idealise          |       |       |       |       |     1 |     3 ||     4
 Abil: Fly               |       |       |       |       |     1 |       ||     1
Evoke: Wand              |       |       |     1 |     9 |    16 |     8 ||    34
       Rod               |       |       |       |       |    14 |     4 ||    18
  Use: Scroll            |       |     4 |    14 |     7 |    14 |     7 ||    46
       Potion            |       |       |     2 |     8 |     8 |     3 ||    21
 Stab: Distracted        |       |       |       |     4 |     9 |    14 ||    27
       Held in net/web   |       |       |       |     2 |       |       ||     2
       Petrified         |       |       |       |       |     6 |       ||     6
       Invisible         |       |       |       |       |     4 |       ||     4
       Paralysed         |       |       |       |       |       |     3 ||     3
  Eat: Chunk             |       |     2 |     9 |     4 |     2 |     1 ||    18
       Beef jerky        |       |       |     1 |     1 |     1 |     2 ||     5
       Bread ration      |       |       |       |     2 |     2 |       ||     4
       Meat ration       |       |       |       |     2 |       |     3 ||     5
       Pizza             |       |       |       |       |     2 |     1 ||     3
Armor: Scale mail        |    50 |       |       |       |       |       ||    50
       Plate armour      |    38 |   121 |   422 |   352 |   509 |   336 ||  1778
       Chain mail        |     7 |       |       |       |       |       ||     7
       Skin              |       |       |     5 |    16 |       |       ||    21
Dodge: Dodged            |    42 |    26 |   104 |   101 |   147 |   106 ||   526
Block: Shield            |    81 |    98 |   371 |   168 |       |       ||   718
       Large shield      |       |       |       |   292 |   948 |   669 ||  1909
